 Dungeon Crawl Stone Soup version 0.18-a0-1577-gf591c28 (webtiles) character file.

468066 Ratboiler the Acrobat (level 23, -2/242 HPs)
             Began as a Red Draconian Wanderer on Mar 17, 2016.
             Was the Champion of Okawaru.
             Slain by an ettin
             ... wielding a +0 dire flail
              (26 damage)
             ... while paralysed by a vampire knight
             ... on level 5 of the Depths on Mar 19, 2016.
             The game lasted 04:11:49 (72659 turns).

Ratboiler the Acrobat (Red Draconian Wanderer)     Turns: 72659, Time: 04:11:49

Health: -2/242     AC: 24    Str: 10    XL:     23   Next: 19%
Magic:  0/30       EV:  2    Int: 16    God:    Okawaru [******]
Gold:   2107       SH:  0    Dex: 32    Spells: 5 memorised, 16 levels left

rFire  + + +     SeeInvis +     a - +7 eveningstar (freeze)
rCold  + + +     Gourm    .     (armour unavailable)
rNeg   . . .     Faith    .     S - +2 large shield {AC+3}
rPois  +         Spirit   +     V - +2 hat "Nyusinij" {rPois Str-4 Int+2 Dex+2}
rElec  +         Dismiss  .     L - +1 cloak {rF+}
rCorr  .         Reflect  .     R - +2 pair of gloves {Dex+3}
SustAt .         Harm     .     U - +2 pair of boots
MR     +....     Rnd*Rage +     J - amulet "Woqaux" {Spirit MR- Dex+7 SInv}
Stlth  ++++......               X - +4 ring of dexterity
                                I - ring "Qizaoddecli" {rElec rC+++ MR+ Int-4}

@: paralysed, heroism, somewhat resistant to hostile enchantments, stealthy
A: breathe fire, unfitting armour, claws 1, berserk 1, cold resistance 1, fire
resistance 2, regeneration 1, robust 1, cold-blooded, AC +11
a: Breathe Fire, Heroism, Finesse, Renounce Religion
}: 3/15 runes: barnacled, abyssal, gossamer


You were on level 5 of the Depths.
You worshipped Okawaru.
Okawaru was exalted by your worship.
You were very full.

You visited 7 branches of the dungeon, and saw 42 of its levels.
You visited the Abyss 1 time.
You visited 1 bazaar.
You also visited: Volcano.

You collected 6566 gold pieces.
You spent 4459 gold pieces at shops.

Inventory:

Hand Weapons
 a - a +7 eveningstar of freezing (weapon)
Missiles
 q - 517 stones (quivered)
 Q - 5 throwing nets
Armour
 u - a +1 buckler of protection
 L - a +1 cloak of fire resistance (worn)
 R - a +2 pair of gloves of dexterity (worn)
 S - a +2 large shield of protection (worn)
 U - a +2 pair of boots (worn)
 V - the +2 hat "Nyusinij" (worn) {rPois Str-4 Int+2 Dex+2}
   (Okawaru gifted it to you on level 5 of the Lair of Beasts)

   It affects your strength (-4).
   It affects your intelligence (+2).
   It affects your dexterity (+2).
   It protects you from poison.
Rods
 n - a +5 rod of inaccuracy (12/12)
   (You took it off a necromancer on level 4 of the Depths)
 N - a +0 rod of ignition (10/10)
   (You found it on level 7 of the Lair of Beasts)
 O - a +0 rod of clouds (9/9)
   (You bought it in a shop in a bazaar)
Jewellery
 y - an uncursed amulet of the gourmand
 z - an uncursed ring of see invisible
 A - the amulet "Wuthuavov" {+Rage rPois rC+ rN+ Str+2 Dex+4}
   (You found it on level 2 of the Depths)

   [amulet of rage]

   It affects your strength (+2).
   It affects your dexterity (+4).
   It protects you from cold.
   It protects you from poison.
   It protects you from negative energy.
   It lets you go berserk.
 E - the ring of Senetaq {*Drain +Fly rF+ rC+}
   (You found it on level 4 of the Vaults)

   [ring of flight]

   It protects you from fire.
   It protects you from cold.
   It lets you fly.
   It causes draining when unequipped.
 F - a +3 ring of strength {unknown}
 I - the ring "Qizaoddecli" (left hand) {rElec rC+++ MR+ Int-4}
   (You took it off a centaur warrior on level 1 of the Vaults)

   [ring of protection from magic]

   It affects your intelligence (-4).
   It renders you almost immune to cold.
   It insulates you from electricity.
   It affects your resistance to hostile enchantments.
 J - the amulet "Woqaux" (around neck) {Spirit MR- Dex+7 SInv}
   (You bought it in a shop on level 5 of the Depths)

   [amulet of guardian spirit]

   It causes incoming damage to be split between your health and magic.
   It affects your dexterity (+7).
   It affects your resistance to hostile enchantments.
   It lets you see invisible.
 X - a +4 ring of dexterity (right hand)
 Z - a +4 amulet of reflection
Wands
 p - a wand of digging (3/24)
 G - a wand of heal wounds (1/9)
 K - a wand of teleportation (4/9)
Scrolls
 b - 2 scrolls of teleportation
 e - 3 scrolls of enchant armour
 h - 3 scrolls of fog
 j - a scroll of brand weapon
 m - 4 scrolls of recharging
 w - 13 scrolls of remove curse
 x - 8 scrolls of fear
 H - a scroll of summoning
 Y - 2 scrolls of silence
Potions
 c - a potion of magic
 f - 7 potions of flight
 i - 2 potions of cure mutation
 k - a potion of cancellation
 l - 11 potions of brilliance
 t - 4 potions of agility
 v - 5 potions of resistance
 C - 10 potions of curing
 D - 6 potions of lignification
 M - 9 potions of ambrosia
 T - a potion of might
 W - 2 potions of heal wounds
Miscellaneous
 g - a phial of floods
Comestibles
 d - 16 bread rations
 o - 9 meat rations
 s - a slice of pizza
 B - a royal jelly
 P - 5 fruits


   Skills:
 - Level 21.1(26.1) Fighting
 - Level 16.0(21.0) Maces & Flails
   Level 3.0(8.0) Polearms
 - Level 25.0(27) Dodging
 - Level 1.0(6.0) Stealth
 + Level 15.5(20.5) Shields
 - Level 3.1 Charms
 - Level 3.1 Air Magic
 - Level 10.0 Invocations


You had 16 spell levels left.
You knew the following spells:

 Your Spells              Type           Power        Failure   Level  Hunger
a - Corona                Hex            #......      43%         1    ##.....
b - Swiftness             Chrm/Air       ##......     21%         2    ###....
c - Apportation           Tloc           #.........   43%         1    ##.....
d - Summon Butterflies    Summ           #.......     43%         1    ##.....
e - Animate Skeleton      Necr           N/A          43%         1    ##.....


Dungeon Overview and Level Annotations

Branches:
Dungeon (15/15)            Temple (0/1) D:6            Lair (8/8) D:9
 Shoals (4/4) Lair:6       Spider (4/4) Lair:3        Slime (0/6) Lair:8
    Orc (2/2) D:9             Elf (0/3) Orc:2        Vaults (4/5) D:14
  Crypt (0/3) Vaults:2     Depths (5/5) D:15            Zot (0/5) Depths:5

Altars:
Cheibriados
Dithmenos
Fedhas
Gozag
Okawaru
Pakellas
Ru
Sif Muna
Trog
Vehumet
Xom
The Shining One
Beogh
Jiyva

Shops:
D:9 !   D:12 }   Orc:2 =*[(*   Vaults:1 =   Vaults:2 *   Vaults:4 :
Depths:3 (([   Depths:4 *   Depths:5 (==!

Portals:
Hell: Depths:1 Depths:2 Depths:3 Depths:4
Abyss: Depths:1 Depths:2 Depths:4 Depths:5
Pandemonium: Depths:3
Ziggurat: Depths:4

Annotations:
D:3 Edmund
D:4 Grinder
D:7 Joseph
Lair:5 Nessos
Spider:4 exclusion: 3 doors
Depths:2 exclusion: obsidian statue
Depths:3 exclusion: upstairs
Depths:5 exclusion: door


Innate Abilities, Weirdness & Mutations

You can breathe blasts of fire.
Your fiery red scales are hard (AC +11).
Your body does not fit into most forms of armour.
Your flesh is very heat resistant.
You are cold-blooded and may be slowed by cold attacks.
You have sharp fingernails.
You tend to lose your temper in combat.
Your flesh is cold resistant.
Your natural rate of healing is unusually fast.
You are robust (+10% HP).


Message History

The vampire knight bites you.
The vampire knight draws strength from your injuries!
The ettin hits you with a dire flail! The ettin hits you but does no damage.
The mottled draconian hits you but does no damage.
You are covered in liquid flames!
The vampire knight is infused with unholy energy.
The vampire knight draws life force from you and is healed!
The ettin hits you with a dire flail! The ettin hits you with a dire flail!!!
The mottled draconian hits you with a dire flail!
* * * LOW HITPOINT WARNING * * *
You hear a roar! x2
The vampire knight gestures at you while chanting.
You easily resist.
The vampire knight is infused with unholy energy.
* * * LOW HITPOINT WARNING * * *
The vampire knight draws life force from you and is healed!
The ettin hits you with a dire flail!!
* * * LOW HITPOINT WARNING * * *
The ettin hits you with a dire flail!!
You die...

.....##.........#....#........#..
.......#.#..##.##....##.......#..
.........#..##.########......##..
....#.......#........#.......####
....#.......#........#}..........
....#.......#........#...........
†...#.......#........#...........
).(.#.......#........#...........
)...###'######.C@..###..##...####
(##.....,,,* #.d.V.#*#.+##'####..
).#.....,,,**#'##...##+*#....#...
..#......,,*#...#####,,,#....#...
..#......,,+##...#**,,,*#....#...
#.#,.....****##...#,,,**####.####
###****,,*,** *#D...,** ##.######
#,,,,,*,,+,,** *#V.d#* *#..'....#
#,,,,,*,.#,,,** ##'## ##...#....#


You could see a mottled draconian, a vampire knight (invisible) and an ettin.

Vanquished Creatures
  3 juggernauts
  Saint Roka (Orc:2)
  14 caustic shrikes (Depths:4)
  A golden dragon (shapeshifter) (Depths:2)
  Jory (Depths:3)
  4 golden dragons
  the Enchantress (Depths:4)
  2 bone dragons
  Jorgrun (Vaults:4)
  Rupert (D:14)
  A tentacled monstrosity (Depths:5)
  2 titans (Depths:4)
  3 liches
  Frances (Spider:1)
  A sphinx (Depths:4)
  Polyphemus (Shoals:2)
  A sphinx (shapeshifter) (Depths:2)
  A shadow dragon (Depths:4)
  A storm dragon (Depths:5)
  Kirke (D:12)
  5 tengu reavers (Depths:4)
  2 draconian monks (Depths:5)
  Wiglaf (Depths:5)
  An azure jelly (shapeshifter) (Depths:2)
  A storm dragon (shapeshifter) (Vaults:1)
  9 vault wardens
  4 ghost moths
  3 fire giants
  An iron dragon (Depths:4)
  2 emperor scorpions (Spider:4)
  5 frost giants
  A balrug (Depths:3)
  Louise (Spider:1)
  A war gargoyle (Depths:2)
  5 ironheart preservers
  A ghoul (Vaults:4)
  6 spriggan defenders (Depths:4)
  5 very ugly things
  15 stone giants
  4 vampire knights
  3 salamander stormcallers
  A deep elf demonologist (Depths:5)
  5 spark wasps
  A mottled draconian (Depths:5)
  A purple draconian (Depths:5)
  3 merfolk javelineers
  A deep elf death mage (Depths:4)
  8 ettins
  14 yaktaur captains
  4 merfolk impalers
  2 jiangshi (Depths:1)
  12 crystal guardians (Depths:2)
  A deep elf high priest (Depths:4)
  6 fire dragons
  5 vault guards
  6 great orbs of eyes
  A rakshasa (Depths:1)
  4 entropy weavers
  11 hydras
  7 ice dragons
  14 ogre magi
  4 spriggan air magi
  7 death knights
  A catoblepas (Lair:8)
  2 merfolk avatars
  4 merfolk aquamancers
  14 dancing weapons (Depths:2)
  12 centaur warriors
  6 death yaks
  An orc high priest (Orc:2)
  4 tengu warriors
  2 vampire magi
  3 deep troll shamans
  A deep troll earth mage (Depths:5)
  12 hell knights
  5 deep elf knights
  3 spriggan berserkers (Depths:4)
  2 sun demons (Depths:3)
  A fire crab (Vaults:3)
  A fire crab (shapeshifter) (D:15)
  2 iron trolls
  12 giant orange brains
  12 skeletal warriors
  4 sea snakes
  3 shadow wraiths
  15 deep trolls
  2 flayed ghosts
  A deep troll (shapeshifter) (Depths:2)
  2 hill giants (shapeshifter)
  3 unseen horrors
  2 obsidian statues (Depths:2)
  3 swamp dragons (shapeshifter)
  A wolf spider zombie (D:10)
  Pikel (D:2)
  A golden dragon skeleton (Depths:4)
  2 deep elf archers
  12 ironbrand convokers
  4 wizards
  A lindwurm (Lair:8)
  8 necromancers
  21 orb spiders
  6 phantasmal warriors
  A stone giant zombie (Vaults:3)
  6 hill giants
  7 deep elf magi
  4 harpies
  A harpy (shapeshifter) (Vaults:3)
  28 wolf spiders
  2 moths of wrath (Spider:4)
  A sphinx skeleton (Vaults:3)
  20 orc knights
  4 orc sorcerers
  5 hornets
  2 mana vipers (shapeshifter)
  56 ugly things
  A human zombie (Vaults:3)
  5 cyclopes
  A shining eye (shapeshifter) (Depths:2)
  11 griffons
  2 sirens
  7 manticores
  21 elephants
  A guardian serpent (shapeshifter) (Vaults:3)
  2 guardian serpents (Depths:3)
  4 water nymphs
  An elephant (shapeshifter) (Depths:3)
  9 black mambas
  9 vault sentinels
  A water nymph (shapeshifter) (Depths:2)
  6 gargoyles
  9 torpor snails
  15 spiny frogs
  A torpor snail (shapeshifter) (Depths:2)
  3 molten gargoyles (Depths:2)
  A rime drake (shapeshifter) (Vaults:1)
  A rime drake (Lair:7)
  13 komodo dragons
  A golden dragon simulacrum (Depths:4)
  11 freezing wraiths
  An efreet (D:13)
  5 kobold demonologists
  56 yaktaurs
  12 demonic crawlers
  8 trolls
  A polar bear (shapeshifter) (Depths:2)
  44 jumping spiders
  A polar bear (Lair:8)
  10 merfolk
  A merfolk (shapeshifter) (Depths:2)
  A wind drake (Shoals:1)
  3 two-headed ogres (shapeshifter)
  A tengu simulacrum (Depths:4)
  6 giant leeches (Lair:8)
  26 two-headed ogres
  A queen bee (shapeshifter) (D:15)
  11 blink frogs
  A blink frog (shapeshifter) (Depths:2)
  10 boulder beetles
  3 minotaur skeletons (Volcano)
  21 slime creatures
  3 snapping turtles
  A large abomination (Abyss:3)
  A flying skull (Volcano)
  A frost giant simulacrum (Vaults:3)
  A tarantella (shapeshifter) (Vaults:4)
  3 human simulacra (Vaults:3)
  9 spriggans (Depths:4)
  16 air elementals
  A centaur simulacrum (D:15)
  94 redbacks
  2 shadows
  3 vampires (Volcano)
  2 redbacks (shapeshifter)
  28 tarantellas
  7 wraiths
  A spriggan simulacrum (Depths:4)
  47 yaks
  A wyvern (D:11)
  17 water elementals
  A basilisk (shapeshifter) (Vaults:2)
  A hippogriff (shapeshifter) (D:15)
  A hog (D:11)
  3 humans (shapeshifter)
  17 vampire mosquitoes
  18 humans (D:14)
  3 basilisks
  7 hippogriffs
  A hungry ghost (D:12)
  A steam dragon (shapeshifter) (Depths:2)
  7 wargs
  8 fire elementals (Depths:2)
  A mottled dragon (Vaults:1)
  2 insubstantial wisps (Depths:2)
  Duvessa (D:7)
  6 porcupines
  15 water moccasins
  A black bear (D:7)
  A merfolk skeleton (Volcano)
  3 ice beasts
  2 slaves (D:4)
  A swamp drake (shapeshifter) (Depths:2)
  12 wasps
  58 orc warriors
  2 sky beasts
  3 phantoms
  An ice beast (shapeshifter) (D:13)
  2 eyes of draining (D:14)
  14 wolves
  A manticore skeleton (Volcano)
  56 ogres
  23 centaurs
  16 crocodiles
  6 big kobolds
  A human skeleton (Vaults:3)
  20 giant frogs
  8 earth elementals (Depths:2)
  A glowing shapeshifter simulacrum (Vaults:3)
  4 scorpions
  A boulder beetle zombie (Vaults:3)
  Dowan (D:7)
  3 killer bees (Abyss:3)
  A troll skeleton (Volcano)
  7 wights
  2 spriggan skeletons (Volcano)
  An electric eel (Spider:3)
  5 jellies
  4 howler monkeys
  8 crimson imps
  A giant frog zombie (D:7)
  5 centaur zombies
  6 hounds
  30 orc priests
  3 giant frog skeletons
  35 orc wizards
  2 two-headed ogre skeletons (Volcano)
  10 centaur skeletons
  6 iguanas
  4 hell rats (D:13)
  A hell rat (shapeshifter) (Depths:2)
  10 worker ants
  26 sheep
  An ogre skeleton (Volcano)
  A hound skeleton (D:10)
  2 mummies (Volcano)
  17 adders
  43 river rats
  7 shadow imps
  A white imp (D:5)
  An adder skeleton (D:9)
  24 worms
  2 ball lightnings (Depths:2)
  4 dart slugs
  7 giant geckos
  144 orcs
  A ball python (D:2)
  4 giant cockroaches
  9 goblins
  8 hobgoblins
  5 quokkas
  7 bats
  A giant gecko skeleton (D:8)
  6 giant newts
  A goblin zombie (D:5)
  4 hobgoblin zombies (D:5)
  A jackal skeleton (D:6)
  2 jackal zombies
  31 kobolds
  A kobold skeleton (D:5)
  An orc skeleton (D:5)
  A quokka zombie (D:5)
  8 rats
  4 fungi
  3 plants
2015 creatures vanquished.

Vanquished Creatures (collateral kills)
  A very ugly thing (Depths:4)
  A merfolk impaler (Shoals:4)
  An ice dragon (Depths:4)
  2 merfolk aquamancers (Shoals:4)
  A skeletal warrior (Vaults:1)
  2 flayed ghosts (Depths:4)
  A lindwurm (shapeshifter) (Depths:4)
  A harpy (Shoals:4)
  2 ugly things (Depths:4)
  4 manticores
  A water nymph (Shoals:4)
  A siren (Shoals:4)
  2 merfolk (Shoals:4)
  A snapping turtle (Shoals:4)
  2 water elementals (Shoals:3)
  A yak (Lair:1)
24 creatures vanquished.

Vanquished Creatures (others)
  2 eldritch tentacles
  A spatial maelstrom (Spider:1)
  A hornet (Vaults:2)
  A two-headed ogre (Vaults:2)
  A redback (Spider:2)
  A yak (Lair:1)
  5 humans (D:12)
  Menkaure (Volcano)
  A crocodile (Lair:1)
  2 ogres (Vaults:2)
  A crimson imp (D:12)
  A centaur skeleton (D:12)
  4 ball lightnings (Depths:2)
  126 eldritch tentacle segments
  40 fungi
  81 plants
269 creatures vanquished.

Grand Total: 2308 creatures vanquished

Notes
Turn   | Place    | Note
--------------------------------------------------------------
     0 | D:1      | Ratboiler the Draconian Wanderer began the quest for the Orb.
     0 | D:1      | Ratboiler set off with: a +0 shield, a +0 falchion, a +0 spear, a bread ration
     0 | D:1      | Reached XP level 1. HP: 23/23 MP: 1/1
   142 | D:1      | Reached skill level 1 in Maces & Flails
   328 | D:1      | Reached XP level 2. HP: 29/29 MP: 2/2
  1286 | D:2      | Found an iron altar of Okawaru.
  1331 | D:2      | Reached XP level 3. HP: 36/36 MP: 3/3
  1352 | D:2      | Became a worshipper of Warmaster Okawaru
  1382 | D:2      | Found a deep blue altar of Sif Muna.
  1417 | D:2      | Found an opulent altar of Gozag.
  2248 | D:3      | Reached XP level 4. HP: 30/42 MP: 4/4
  2975 | D:4      | Noticed an orc warrior
  3215 | D:4      | Reached XP level 5. HP: 36/48 MP: 5/5
  3385 | D:4      | Noticed a slave
  3385 | D:4      | Noticed a slave
  3858 | D:3      | Reached skill level 5 in Maces & Flails
  4137 | D:4      | Noticed a slave
  4229 | D:4      | Noticed Edmund
  4298 | D:4      | Noticed a slave
  4301 | D:4      | Noticed Pikel
  4544 | D:5      | Entered Level 5 of the Dungeon
  4569 | D:4      | Noticed an ogre
  4838 | D:4      | Reached XP level 6. HP: 37/56 MP: 6/6
  4892 | D:4      | Killed a slave
  5308 | D:4      | Noticed Grinder
  5767 | D:5      | Found a bloodstained altar of Trog.
  5807 | D:5      | Noticed a sky beast
  5984 | D:4      | Killed a sky beast
  5984 | D:4      | Reached * piety under Okawaru
  6373 | D:6      | Found a staircase to the Ecumenical Temple.
  6401 | D:6      | Learned a level 1 spell: Corona
  6417 | D:6      | Found a radiant altar of Vehumet.
  6590 | D:6      | Your scales start taking on a fiery red colour.
  6590 | D:6      | Reached XP level 7. HP: 61/61 MP: 7/7
  6590 | D:6      | Gained mutation: Your flesh is heat resistant. [Red Draconian growth]
  6622 | D:6      | Found a snail-covered altar of Cheibriados.
  7065 | D:5      | Found a glowing golden altar of the Shining One.
  8442 | D:2      | Killed Pikel
  8442 | D:2      | Reached ** piety under Okawaru
  8442 | D:2      | Reached skill level 10 in Maces & Flails
  8442 | D:2      | Reached XP level 8. HP: 66/69 MP: 8/8
  9164 | D:5      | Gained mutation: You are robust (+10% HP). [potion of mutation]
  9164 | D:5      | Gained mutation: You tend to lose your temper in combat. [potion of mutation]
  9164 | D:5      | Gained mutation: Your muscles are strong. (Str +2) [potion of mutation]
  9363 | D:6      | Found a sacrificial altar of Ru.
  9366 | D:6      | Found an oddly glowing altar of Pakellas.
  9369 | D:6      | Found a shimmering altar of Xom.
  9821 | D:6      | Reached *** piety under Okawaru
 10015 | D:6      | Reached XP level 9. HP: 61/81 MP: 9/9
 10402 | D:7      | Noticed Joseph
 10794 | D:7      | Learned a level 2 spell: Swiftness
 10866 | D:7      | Reached skill level 1 in Dodging
 11014 | D:7      | Reached skill level 2 in Dodging
 11419 | D:7      | Noticed Dowan
 11430 | D:7      | Killed Dowan
 11450 | D:7      | Noticed Duvessa
 11459 | D:7      | Killed Duvessa
 11459 | D:7      | Reached skill level 3 in Dodging
 11927 | D:7      | Found a blossoming altar of Fedhas.
 12218 | D:8      | Got a crystal bardiche
 12223 | D:8      | Identified the cursed +1 bardiche of Dithmenos's Pride {pain, Str+2 Dex+3} (You found it on level 8 of the Dungeon)
 12287 | D:8      | Reached skill level 4 in Dodging
 12720 | D:8      | Found a shadowy altar of Dithmenos.
 12755 | D:8      | Reached **** piety under Okawaru
 13021 | D:8      | Found a radiant altar of Vehumet.
 13154 | D:9      | Found a glowing golden altar of the Shining One.
 13190 | D:9      | Found Urchio's Distillery.
 13194 | D:9      | Bought a potion of heal wounds for 65 gold pieces
 13194 | D:9      | Bought a potion of curing for 39 gold pieces
 13194 | D:9      | Bought a potion of berserk rage for 65 gold pieces
 13194 | D:9      | Bought a potion of agility for 52 gold pieces
 13194 | D:9      | Bought a potion of heal wounds for 65 gold pieces
 13194 | D:9      | Bought a potion of might for 52 gold pieces
 13194 | D:9      | Bought a potion of curing for 39 gold pieces
 13194 | D:9      | Bought a potion of curing for 39 gold pieces
 13262 | D:9      | Found a roughly hewn altar of Beogh.
 13262 | D:9      | Found a staircase to the Orcish Mines.
 13312 | D:9      | Reached skill level 5 in Dodging
 13461 | D:9      | Found a staircase to the Lair.
 13555 | D:9      | Received a gift from Okawaru
 13594 | D:9      | Noticed a troll
 13601 | D:9      | Killed a troll
 13601 | D:9      | Reached XP level 10. HP: 81/94 MP: 10/10
 14135 | D:9      | Reached skill level 6 in Dodging
 14334 | D:10     | Entered Level 10 of the Dungeon
 14336 | D:10     | Noticed a hill giant
 14345 | D:10     | Killed a hill giant
 14509 | D:10     | Reached ***** piety under Okawaru
 14509 | D:10     | Reached skill level 7 in Dodging
 14578 | D:10     | Noticed a gargoyle
 14628 | D:10     | Noticed a brown ugly thing
 14680 | D:9      | Received a gift from Okawaru
 15324 | D:10     | Reached skill level 8 in Dodging
 15486 | D:10     | Killed a gargoyle
 15773 | D:10     | Killed a brown ugly thing
 15773 | D:10     | Reached XP level 11. HP: 106/106 MP: 11/11
 15914 | D:9      | Reached skill level 9 in Dodging
 15983 | Lair:1   | Entered Level 1 of the Lair of Beasts
 16255 | Lair:1   | Reached skill level 1 in Invocations
 16301 | Lair:1   | Found a dark tunnel.
 16306 | Volcano  | Entered a volcano
 16556 | Volcano  | Noticed Menkaure
 16839 | Volcano  | Your ally died
 16896 | Volcano  | Received a gift from Okawaru
 17602 | Lair:1   | Learned a level 1 spell: Apportation
 17604 | Lair:1   | Learned a level 1 spell: Summon Butterflies
 18163 | Lair:2   | Reached skill level 10 in Fighting
 18324 | Lair:2   | Reached skill level 10 in Dodging
 19945 | Lair:3   | Reached skill level 5 in Invocations
 20298 | Lair:3   | Found a hole to the Spider Nest.
 20313 | Lair:3   | Reached XP level 12. HP: 105/118 MP: 15/15
 20622 | Lair:3   | Reached skill level 11 in Dodging
 21554 | Lair:4   | Noticed a seven-headed hydra
 22149 | Lair:4   | Noticed a death yak
 22174 | Lair:5   | Received a gift from Okawaru
 22194 | Lair:5   | Got an ancient hat {god gift}
 22202 | Lair:5   | Identified the +2 hat "Nyusinij" {rPois Str-4 Int+2 Dex+2} (Okawaru gifted it to you on level 5 of the Lair of Beasts)
 22539 | Lair:5   | Noticed a five-headed hydra
 22595 | Lair:5   | Noticed Nessos
 22632 | Lair:5   | Identified a scroll of acquirement
 22945 | Lair:5   | Lost mutation: Your muscles are strong. (Str +2) [potion of mutation]
 22945 | Lair:5   | Gained mutation: You have sharp fingernails. [potion of mutation]
 22945 | Lair:5   | Gained mutation: Your flesh is very heat resistant. [potion of mutation]
 23679 | Lair:7   | Reached skill level 12 in Dodging
 24093 | Lair:7   | Got a crystal spear
 24094 | Lair:7   | Noticed a seven-headed hydra
 24135 | Lair:6   | Identified the cursed +1 spear of Punishment {pierce, rElec Str-2 Int+2 SInv} (You found it on level 7 of the Lair of Beasts)
 24249 | Lair:6   | Reached skill level 1 in Air Magic
 24256 | Lair:6   | Reached skill level 1 in Charms
 24486 | Lair:6   | Found a staircase to the Shoals.
 24658 | Lair:6   | Noticed a seven-headed hydra
 25385 | Lair:4   | Reached XP level 13. HP: 81/128 MP: 18/18
 26208 | D:10     | Received a gift from Okawaru
 26232 | D:10     | Reached skill level 13 in Dodging
 28231 | D:11     | Reached ****** piety under Okawaru
 28434 | D:12     | Noticed Kirke
 28438 | D:12     | Noticed a sphinx
 28439 | D:12     | Paralysed by a sphinx for 4 turns
 29153 | Spider:1 | Entered Level 1 of the Spider Nest
 29289 | Spider:1 | Reached skill level 14 in Dodging
 29306 | Spider:1 | Noticed Frances
 29324 | Spider:1 | Killed Frances
 29368 | Spider:1 | Gained mutation: Your flesh is cold resistant. [potion of beneficial mutation]
 29369 | Spider:1 | Gained mutation: Your natural rate of healing is unusually fast. [potion of beneficial mutation]
 29997 | Spider:1 | Received a gift from Okawaru
 30011 | Spider:1 | Got a transparent hat {god gift}
 30046 | Spider:1 | Identified the +0 hat of Quantum Leap {MP+9 Int+7} (Okawaru gifted it to you on level 1 of the Spider Nest)
 30418 | Spider:1 | Reached XP level 14. HP: 72/141 MP: 19/19
 31811 | Spider:1 | Noticed Louise
 31835 | Spider:1 | Cast into level 3 of the Abyss (Louise)
 31895 | Abyss:3  | Got an abyssal rune of Zot
 31962 | Abyss:3  | Noticed a starcursed mass
 31972 | Abyss:3  | Noticed a starcursed mass
 31984 | Spider:1 | Escaped the Abyss
 31985 | Spider:1 | HP: 6/154 [spatial maelstrom (10)]
 32763 | Lair:7   | Identified a +0 rod of ignition (10/10) (You found it on level 7 of the Lair of Beasts)
 32904 | Lair:8   | Entered Level 8 of the Lair of Beasts
 32983 | Lair:8   | Received a gift from Okawaru
 32987 | Lair:8   | Found a viscous altar of Jiyva.
 32987 | Lair:8   | Found a staircase to the Slime Pits.
 33257 | Lair:8   | Reached skill level 15 in Maces & Flails
 33790 | Lair:8   | Received a gift from Okawaru
 34554 | Lair:8   | Found a runed door.
 34655 | Lair:8   | Reached XP level 15. HP: 101/149 MP: 20/20
 34670 | Lair:8   | Identified Illoeled's Handbook of Conjuration and Toxins
 35562 | D:11     | Received a gift from Okawaru
 35628 | D:12     | Killed Kirke
 35654 | D:12     | Received a gift from Okawaru
 36310 | D:12     | Found Jukkan's Gadget Shoppe.
 36841 | D:13     | Reached skill level 15 in Dodging
 37247 | D:13     | Received a gift from Okawaru
 37626 | D:14     | Received a gift from Okawaru
 37933 | D:14     | Found a gate to the Vaults.
 37975 | D:14     | Reached skill level 15 in Fighting
 38551 | D:14     | Noticed Rupert
 38571 | D:14     | Killed Rupert
 38664 | D:15     | Entered Level 15 of the Dungeon
 38766 | D:15     | Reached XP level 16. HP: 106/163 MP: 21/21
 39780 | D:15     | Reached skill level 16 in Dodging
 39947 | D:15     | Received a gift from Okawaru
 39948 | D:15     | Got a bloodstained shield {god gift}
 39959 | D:15     | Identified the +1 shield "Wastorun" {rN++ Dex-4} (Okawaru gifted it to you on level 15 of the Dungeon)
 39990 | D:15     | Found a staircase to the Depths.
 40367 | Spider:2 | Learned a level 1 spell: Animate Skeleton
 41536 | Spider:4 | Entered Level 4 of the Spider Nest
 42758 | Spider:4 | Received a gift from Okawaru
 43142 | Spider:4 | Reached skill level 17 in Dodging
 43460 | Spider:4 | Reached XP level 17. HP: 161/178 MP: 22/22
 44374 | Spider:4 | Got a gossamer rune of Zot
 44855 | Spider:3 | Received a gift from Okawaru
 44953 | Spider:1 | Killed Louise
 45566 | Shoals:1 | Entered Level 1 of the Shoals
 46085 | Shoals:4 | Entered Level 4 of the Shoals
 46731 | Shoals:4 | Received a gift from Okawaru
 46770 | Shoals:4 | Identified the Almanac of Icy Transformation (You found it on level 4 of the Shoals)
 47184 | Shoals:4 | Got a barnacled rune of Zot
 47272 | Shoals:2 | Noticed Polyphemus
 47287 | Shoals:2 | Killed Polyphemus
 47556 | Orc:1    | Entered Level 1 of the Orcish Mines
 47557 | Orc:1    | Found a shimmering altar of Xom.
 47641 | Orc:2    | Entered Level 2 of the Orcish Mines
 47882 | Orc:2    | Found Ycowky's Assorted Antiques.
 48166 | Orc:2    | Noticed Saint Roka
 48199 | Orc:2    | Killed Saint Roka
 48212 | Orc:2    | Found a roughly hewn altar of Beogh.
 48218 | Orc:2    | Found Uxkial's Antique Armour Shoppe.
 48463 | Orc:2    | Reached skill level 10 in Invocations
 48475 | Orc:2    | Reached skill level 18 in Dodging
 48553 | Orc:2    | Found Cuolotups's Jewellery Shoppe.
 48561 | Orc:2    | Bought an uncursed ring of see invisible for 210 gold pieces
 48561 | Orc:2    | Bought a cursed ring of teleportation for 63 gold pieces
 48571 | Orc:2    | Found Ipaluwe's General Store.
 48578 | Orc:2    | Bought a scroll of identify for 24 gold pieces
 48578 | Orc:2    | Bought a wand of heal wounds (1/9) for 360 gold pieces
 48578 | Orc:2    | Bought a scroll of enchant armour for 90 gold pieces
 48588 | Orc:2    | Found Lal Ung's Antique Weapon Shoppe.
 49145 | Orc:2    | Found a staircase to the Elven Halls.
 49487 | Vaults:1 | Entered Level 1 of the Vaults
 49802 | Vaults:1 | Reached XP level 18. HP: 190/190 MP: 25/25
 50387 | Vaults:1 | Received a gift from Okawaru
 50509 | Vaults:1 | Found Aloenn's Jewellery Boutique.
 50517 | Vaults:1 | Bought a cursed amulet of inaccuracy for 40 gold pieces
 52744 | Vaults:1 | Reached skill level 19 in Dodging
 52765 | Vaults:1 | Got a brightly glowing bone ring
 52992 | Vaults:2 | Received a gift from Okawaru
 53212 | Vaults:2 | Received a gift from Okawaru
 53747 | Vaults:2 | Reached XP level 19. HP: 202/202 MP: 26/26
 53796 | Vaults:2 | Identified the ring "Qizaoddecli" {rElec rC+++ MR+ Int-4} (You took it off a centaur warrior on level 1 of the Vaults)
 53863 | Vaults:2 | Noticed a bone dragon
 53904 | Vaults:2 | Killed a bone dragon
 54103 | Vaults:2 | Found Kirybric's General Store.
 54113 | Vaults:2 | Bought a potion of agility for 44 gold pieces
 54113 | Vaults:2 | Bought a potion of heal wounds for 55 gold pieces
 54113 | Vaults:2 | Bought a scroll of enchant weapon for 82 gold pieces
 54113 | Vaults:2 | Bought a scroll of identify for 22 gold pieces
 54304 | Vaults:2 | Received a gift from Okawaru
 54315 | Vaults:2 | Got a slimy demon whip {god gift}
 54316 | Vaults:2 | Identified the +1 demon whip "Siseq" {antimagic, rC++ rN+ Str-5 Int+4} (Okawaru gifted it to you on level 2 of the Vaults)
 54885 | Vaults:2 | Reached skill level 20 in Dodging
 55685 | Vaults:2 | Found a staircase to the Crypt.
 56497 | Vaults:3 | Received a gift from Okawaru
 57542 | Vaults:3 | Reached skill level 21 in Dodging
 58132 | Vaults:4 | Noticed a golden dragon
 58263 | Vaults:4 | Killed a golden dragon
 58790 | Vaults:4 | Reached XP level 20. HP: 101/212 MP: 27/27
 59028 | Vaults:4 | Noticed Jorgrun
 59101 | Vaults:4 | Received a gift from Okawaru
 59126 | Vaults:4 | Got a fine shield {god gift}
 59137 | Vaults:4 | Identified the -5 shield of Rusk {*Drain Regen+ Str+4} (Okawaru gifted it to you on level 4 of the Vaults)
 59199 | Vaults:4 | Killed Jorgrun
 59809 | Vaults:4 | Got a crude brass ring
 59810 | Vaults:4 | Identified the ring of Senetaq {*Drain +Fly rF+ rC+} (You found it on level 4 of the Vaults)
 59942 | Vaults:4 | Found Plog's Book Shop.
 60412 | D:14     | Reached skill level 22 in Dodging
 60602 | Depths:1 | Entered Level 1 of the Depths
 60662 | Depths:1 | Found a gateway to Hell.
 60677 | Depths:1 | Found a flickering gateway to a bazaar.
 60696 | Bazaar   | Entered a bazaar
 60701 | Bazaar   | Found Uhiphist's Gadget Shop.
 60737 | Bazaar   | Found Putyupau's Antique Armour Shop.
 60745 | Bazaar   | Bought a glowing large shield for 103 gold pieces
 60780 | Bazaar   | Bought a +0 rod of clouds (9/9) for 630 gold pieces
 60838 | Depths:1 | Reached skill level 5 in Shields
 61026 | Depths:1 | Found a one-way gate to the infinite horrors of the Abyss.
 62736 | Depths:2 | Reached skill level 10 in Shields
 62754 | Depths:2 | Noticed a golden dragon
 62754 | Depths:2 | an acid blob changed into a golden dragon
 62765 | Depths:2 | Killed a golden dragon
 63248 | Depths:2 | Received a gift from Okawaru
 63251 | Depths:2 | Got a scorched large shield {god gift}
 63262 | Depths:2 | Identified the +0 large shield "Dimekere" {Int+6} (Okawaru gifted it to you on level 2 of the Depths)
 64104 | Depths:2 | Got a vibrating emerald amulet
 64159 | Depths:2 | Reached XP level 21. HP: 133/221 MP: 28/28
 64808 | Depths:2 | Got a bloodstained battleaxe
 64886 | Depths:3 | Noticed Wiglaf
 64901 | Depths:3 | Noticed Jory
 64967 | Depths:3 | Found Gozag's Antique Armour Emporium.
 65265 | Depths:3 | Killed Jory
 65581 | Depths:3 | Found an opulent altar of Gozag.
 65581 | Depths:3 | Found Gozag's Antique Weapon Shoppe.
 65582 | Depths:3 | Noticed a golden dragon
 65584 | Depths:3 | Found Gozag's Antique Weapon Shoppe.
 65617 | Depths:3 | Killed a golden dragon
 66007 | Depths:3 | Found a one-way gate leading to the halls of Pandemonium.
 66364 | Depths:4 | Found Luett's Assorted Antiques.
 66372 | Depths:4 | Found a gateway to a ziggurat.
 66373 | Depths:4 | Bought a scroll of identify for 58 gold pieces
 66373 | Depths:4 | Identified the amulet "Wuthuavov" {+Rage rPois rC+ rN+ Str+2 Dex+4} (You found it on level 2 of the Depths)
 66388 | Depths:4 | Noticed the Enchantress
 66443 | Depths:4 | Killed the Enchantress
 67087 | Depths:4 | Reached skill level 15 in Shields
 67461 | Depths:4 | Noticed a juggernaut
 67522 | Depths:4 | Killed a juggernaut
 67989 | Depths:4 | Noticed a juggernaut
 68032 | Depths:4 | Killed a juggernaut
 68032 | Depths:4 | Received a gift from Okawaru
 68044 | Depths:4 | Reached skill level 23 in Dodging
 68590 | Depths:4 | Reached XP level 22. HP: 208/229 MP: 29/29
 68634 | Depths:4 | Got a translucent cloak
 68645 | Depths:4 | Identified the +3 cloak of Elyvilon's Hope {-Tele rF++} (You found it on level 4 of the Depths)
 68716 | Depths:4 | Noticed a caustic shrike
 68719 | Depths:4 | Noticed a caustic shrike
 68770 | Depths:4 | Noticed a caustic shrike
 68778 | Depths:4 | Killed a caustic shrike
 68788 | Depths:4 | Noticed a caustic shrike
 68803 | Depths:4 | Killed a caustic shrike
 68810 | Depths:4 | Killed a caustic shrike
 68820 | Depths:4 | Killed a caustic shrike
 68820 | Depths:4 | Reached skill level 24 in Dodging
 68821 | Depths:4 | Noticed a caustic shrike
 68838 | Depths:4 | Killed a caustic shrike
 68859 | Depths:4 | Noticed a caustic shrike
 68896 | Depths:4 | Killed a caustic shrike
 69187 | Depths:4 | Received a gift from Okawaru
 69468 | Depths:4 | Noticed a caustic shrike
 69469 | Depths:4 | Noticed a caustic shrike
 69469 | Depths:4 | Noticed a caustic shrike
 69477 | Depths:4 | Killed a caustic shrike
 69483 | Depths:4 | Noticed a caustic shrike
 69485 | Depths:4 | Killed a caustic shrike
 69492 | Depths:4 | Noticed a caustic shrike
 69499 | Depths:4 | Killed a caustic shrike
 69511 | Depths:4 | Killed a caustic shrike
 69964 | Depths:4 | Received a gift from Okawaru
 70072 | Depths:4 | Killed a caustic shrike
 70126 | Depths:4 | Noticed a caustic shrike
 70139 | Depths:4 | Killed a caustic shrike
 70140 | Depths:4 | Noticed a caustic shrike
 70154 | Depths:4 | Killed a caustic shrike
 70154 | Depths:4 | Reached skill level 25 in Dodging
 70488 | Depths:5 | Entered Level 5 of the Depths
 70488 | Depths:5 | Found Comoul's Jewellery Emporium.
 70488 | Depths:5 | Noticed a golden dragon
 70504 | Depths:5 | Killed a golden dragon
 70963 | Depths:5 | Found a gate to the Realm of Zot.
 71118 | Depths:4 | Noticed a caustic shrike
 71141 | Depths:4 | Killed a caustic shrike
 71428 | Depths:4 | Noticed a golden dragon
 71746 | Depths:4 | Killed a golden dragon
 71917 | Depths:5 | Reached XP level 23. HP: 242/242 MP: 30/30
 71968 | Depths:5 | Killed Wiglaf
 72111 | Depths:5 | Received a gift from Okawaru
 72142 | Depths:5 | Found Emizik's Antique Weapon Shop.
 72160 | Depths:5 | Noticed a caustic shrike
 72214 | Depths:5 | Found Xyn Ytz's Jewellery Boutique.
 72257 | Depths:5 | Noticed a juggernaut
 72296 | Depths:5 | Killed a juggernaut
 72312 | Depths:5 | Found Ejuffai's Distillery.
 72317 | Depths:5 | Bought a potion of ambrosia for 168 gold pieces
 72317 | Depths:5 | Bought a potion of might for 84 gold pieces
 72317 | Depths:5 | Bought a potion of curing for 63 gold pieces
 72317 | Depths:5 | Bought a potion of curing for 63 gold pieces
 72317 | Depths:5 | Bought a potion of resistance for 210 gold pieces
 72317 | Depths:5 | Bought a potion of heal wounds for 105 gold pieces
 72317 | Depths:5 | Bought a potion of agility for 84 gold pieces
 72317 | Depths:5 | Bought a potion of heal wounds for 105 gold pieces
 72448 | Depths:5 | Bought a +4 amulet of reflection for 450 gold pieces
 72448 | Depths:5 | Bought the amulet "Woqaux" {Spirit MR- Dex+7 SInv} for 930 gold pieces
 72655 | Depths:5 | Paralysed by a vampire knight for 4 turns
 72659 | Depths:5 | Slain by an ettin

Vault maps used:
D:1:      onia_arrival_mini_maze
D:2:      grunt_gozag_statues, lemuel_blue_sif_altar, lemuel_round_altar
D:4:      first_bread, uniq_pikel, uniq_grinder, uniq_edmund
D:5:      bloody_trog, nicolae_tso_besieged_by_evil
D:6:      cheibrodos_worm_habitat, overflow_temple_1_default,
          grunt_temple_overflow_diamond, minmay_temple_entry_junction
D:7:      fedhas_altar_fruit_tree, uniq_duvessa, uniq_crazy_yiuf_cottage,
          uniq_joseph
D:8:      lemuel_mausoleum_altar_yredelemnul, grunt_dithmenos_shadows,
          lemuel_centaur_altar
D:9:      lair_0_dummy, david_orc_5, basic_altar, serial_shops,
          nicolae_shop_statue_plus
D:10:     serial_column_ruins, column_ruins_hut, column_ruins_open_small,
          column_ruins_grid_1, column_ruins_corridor_corner,
          column_ruins_open_small_water, column_ruins_columns_straight,
          column_ruins_open_medium
D:12:     serial_shops, shop_statue, uniq_kirke
D:13:     wad_woods_tower, the_bakery
D:14:     grunt_vaults_entry_tiered, nrook_loot_triangle, uniq_rupert
D:15:     gammafunk_enter_depths_forms, minmay_misc_feat_chi
Lair:1:   enter_volcano_4, nicolae_quartered_pool_super, serial_bayou_pond_c
Lair:2:   uniq_gastronok
Lair:3:   spider_nest_entry_funnel_web
Lair:4:   boulder_quad_collide, beast_lair_carwin_7, serial_bayou_shore_b
Lair:5:   grunt_megastairs_5, uniq_nessos
Lair:6:   minmay_shoals_entry_beasts
Lair:8:   wormcave, slime_altar_1, grunt_megastairs_1,
          infiniplex_staircase_pool_2
Shoals:1: abandoned_shop, st_sunken_huts
Shoals:2: uniq_polyphemus
Shoals:4: shoals_end_hangedman, shoals_ilsuiw_alternative
Spider:1: uniq_frances, uniq_louise
Spider:3: guppyfry_spider_mini_3
Spider:4: spider_rune_water
Orc:1:    basic_altar, uniq_maud
Orc:2:    grunt_orc_cross, serial_shops, shop
Vaults:1: nicolae_vaults_minivaults, v_alt_pattern_2, hangedman_vaults_stitches,
          ontoclasm_vaults_idyll, nicolae_vaults_circle_grid_a, v_misc_3,
          ontoclasm_vaults_decontamination, nicolae_vaults_border_crossing,
          vaults_room_door_hall, serial_shops, nicolae_shop_crystal
Vaults:2: nicolae_vaults_little_squares_4, hangedman_vaults_stagger,
          minmay_crypt_entry_nasty_monster, hangedman_vaults_nails,
          vaults_dpeg_encased_lava, hangedman_vaults_variations,
          hangedman_vaults_restitches, v_rooms_4, vaults_dpeg_hooks,
          serial_shops, nicolae_shop_waterfront
Vaults:3: ontoclasm_vaults_hangar, v_pattern_4, hangedman_vaults_snaps,
          ontoclasm_vaults_loading_screen, hangedman_vaults_maws, v_rooms_1,
          nicolae_vaults_little_squares_5,
          nicolae_vaults_windows_and_doors_thing, vaults_room_corners
Vaults:4: v_misc_27, v_pattern_5, ontoclasm_vaults_chip,
          nicolae_vaults_murderbox, v_alt_pattern_2, vaults_dpeg_ring,
          hangedman_vaults_stretched_pinwheel, vaults_dpeg_spiral,
          v_alt_pattern_4, vaults_standard_mumra_lines,
          ontoclasm_vaults_gateway, serial_shops, shop_fountains, uniq_jorgrun
Depths:1: serial_shops, bzr_entry_water, hangedman_abyss_or_decor_stagger,
          hell_entry, marbit_kobold_abyss_entry, kennysheep_generic_room_12,
          serial_bayou_shore_b
Depths:2: radiant_caverns_a_rkd, serial_shops, hell_entry, abyss_entry
Depths:3: kennysheep_gozag_temple, pan_entry, minmay_misc_feat_enclosed,
          lightli_too_deep, st_stairs_3, spider_trap, uniq_wiglaf, uniq_jory
Depths:4: grunt_twisty_corner, enter_ziggurat_a, serial_shops,
          nicolae_shop_overgrown_old_shop, hell_entry, abyss_entry,
          minmay_variable_closet, minmay_misc_feat_four_crosses,
          infiniplex_staircase_trident, uniq_enchantress
Depths:5: grunt_zot_entry_funnels, serial_shops,
          nicolae_shop_temple_entry_statues_fountains, shop_fountains,
          nicolae_shop_window_shopping, shop, hellmouth_1,
          minmay_misc_feat_secret_circle, abyss_entry, minmay_stone_trees_small,
          lightli_gold_pyramid
Abyss:3:  grunt_abyss_rune_wretched_hive, hangedman_abyss_overflow_altar
Bazaar:   bazaar_jpeg_cross
Volcano:  volcano_tomb

Skill      XL: |  1  2  3  4  5  6  7  8  9 10 11 12 13 14 15 16 17 18 19 20 21 22 23 |
---------------+----------------------------------------------------------------------+-----
Maces & Flails | 1 2 3 4 5 7 10 11 12 13 16 | 16.0
Dodging        | 5 8 10 12 14 15 17 18 19 21 22 23 25 | 25.0
Fighting       | 7 9 10 11 13 15 17 18 19 20 21 | 21.1
Invocations    | 5 7 10 | 10.0
Air Magic      | 2 3 |  3.1
Charms         | 2 3 |  3.1
Shields        | 4 11 15 | 15.5
Polearms       | |  3.0
Stealth        | |  1.0

Action                   |  1- 3 |  4- 6 |  7- 9 | 10-12 | 13-15 | 16-18 | 19-21 | 22-24 || total
-------------------------+-------+-------+-------+-------+-------+-------+-------+-------++-------
Melee: Whip              |   202 |   501 |   715 |  1345 |   674 |       |       |       ||  3437
       Spear             |     4 |       |       |       |       |       |       |       ||     4
       Morningstar       |       |       |       |     4 |   538 |       |       |       ||   542
       Eveningstar       |       |       |       |       |   821 |  2374 |  2660 |   812 ||  6667
 Fire: Blowgun           |       |       |     6 |       |    43 |     6 |       |       ||    55
Throw: Stone             |     6 |       |       |     6 |     4 |     8 |    12 |     5 ||    41
 Cast: Apportation       |       |       |       |       |     7 |       |       |       ||     7
       Animate Skeleton  |       |       |       |       |       |    27 |     1 |       ||    28
       Swiftness         |       |       |       |       |       |     2 |     3 |       ||     5
Invok: Heroism           |       |       |       |     4 |     2 |    10 |    17 |     6 ||    39
       Finesse           |       |       |       |     1 |       |     2 |     7 |     7 ||    17
 Abil: Breathe Fire      |       |       |    27 |    59 |    68 |    16 |    13 |     5 ||   188
Evoke: Wand              |       |       |       |     9 |    10 |    18 |    23 |    10 ||    70
  Use: Scroll            |       |     8 |     9 |    16 |     7 |    10 |    20 |     6 ||    76
       Potion            |       |     5 |     3 |     8 |    14 |    10 |     9 |     1 ||    50
 Stab: Sleeping          |       |       |     3 |       |     1 |     2 |     2 |       ||     8
       Distracted        |       |       |       |       |     1 |     3 |     4 |       ||     8
       Invisible         |       |       |       |       |       |     7 |       |       ||     7
  Eat: Fruit             |     4 |       |       |     5 |     3 |       |       |       ||    12
       Chunk             |     4 |     4 |     4 |    20 |    60 |    71 |    61 |    22 ||   246
       Meat ration       |     1 |     1 |     5 |     1 |     3 |       |       |       ||    11
       Royal jelly       |       |     1 |       |       |       |     1 |     1 |       ||     3
       Bread ration      |       |       |       |     6 |     2 |       |       |       ||     8
       Beef jerky        |       |       |       |     2 |       |     1 |     2 |       ||     5
       Pizza             |       |       |       |     1 |       |     2 |     2 |       ||     5
